cohdb
Replays
Latest Replays
All Replays
Popular Replays
Top Player Replays
Match Explorer
How It Works
Community
CoH3 Stats
Reddit
Sign in to upload your games and track your stats! →
Sign in with Steam
Match 44738448
Unlisted
Match 44738448
Overview
Messages
Build Orders
End
Royal Engineer Section
Construct Section Command Post
Infantry Section
ML 3-inch Mortar Team
Infantry Section
Construct Platoon Command Post
Humber Armored Car
Infantry Section
6-pounder Anti-tank Gun Team
Selects Australian Defense Battlegroup
Selects Australian Light Infantry Section
Selects Defensive Tactics
Construct Company Command Post
Selects Vehicle Over Repair
Crusader II Medium Tank
Crusader II Medium Tank
Crusader II Medium Tank
Royal Engineer Section
Selects CMP 15cwt Supply Run
Selects Reinforced Resource Caches
Armored Vehicle Training
Crusader II Medium Tank
Selects Archer Tank Destroyer
Archer Tank Destroyer
Crusader II Medium Tank
DirtyDan
aSIIDemolitionHammer
Demi
-AL- Nimahfrosch
0
0
Comments
sign in to comment!
No comments posted yet!